Unix NetHack Version 5.0.0-0 post-release - last build May  4 2026 22:22:43 (774f63e81ad911689b3a0859ea89b322d5daca8d,branch:main).

Game began 2026-05-06 00:12:13, ended 2026-05-09 01:46:30.

Gregony, neutral male human Barbarian

  ----------                                  ----------  ----------
  |........                                    .........   ........
  |........                                      .......   .......          |
  |........-                            -.       -......  -......-       ...|
  |........| |        |        |        |...     |......  |......|     .....|
  |.......%---..    ---...   ---....  ---..... ---......---......--- .......|
  |...................x................................C.................?..|
  |..................x.x.......................q.........@..................|
  |.........................f...................s.i(.......^%..i............|
  |.............@.....g.G....h......*.Y...g.qq..G.iWi...x@s@E..c..........!.|
  |.l......................G..........Z..'..............Y.x@@...............|
  |...............................................................[.........|
  |..........................!..............................................|
  |........---.     ---..    ---....  ---..... ---......---......--- .......|
  |........| |      | |        |        |..      |......  |......|     .....|
  |........---  ....---      ---      ---      ---......---......---     ...|
  |.........!..........................)....................................|
  |..............!....................>..........................?..........|
  ---------------------------------------------------------------------------

Gregony the Brigand        St:18/10 Dx:17 Co:18 In:7 Wi:10 Ch:7  Neutral
Dlvl:11 $:1291 HP:0(97) Pw:24(24) AC:-1 Xp:10 T:18620 

Latest messages:
 The xan scratches your right boot!
 The elf-lord thrusts his elven short sword.
 The elf-lord hits!
 The elf-lord thrusts his elven short sword.
 The elf-lord hits again!
 The Grey-elf swings his elven broadsword.
 The Grey-elf hits!
 The killer bee stings!
 The killer bee stings!
 The giant spider bites!
 The killer bee stings!
 The giant spider bites!
 What do you want to use or apply? [ejqsyF or ?*]
 Are you really sure you want to break your wand of striking? [yn] (n)
 Raising your wand of striking high above your head, you break it in two!
 A wall of force smashes down around you!
 Boom!
 The killer bee is caught in the magical blast!
 You kill the killer bee!
 The giant spider is caught in the magical blast!
 The xan is caught in the magical blast!
 The wraith is caught in the magical blast!
 The elf-lord is caught in the magical blast!
 The killer bee is caught in the magical blast!
 You kill the killer bee!
 The water elemental is caught in the magical blast!
 The Grey-elf is caught in the magical blast!
 You are caught in the magical blast!
 The wand misses the giant spider.
 The wand hits the wraith!
 The wand hits the water elemental!
 The water elemental resists!
 The wand hits the Grey-elf!
 The Grey-elf resists!
 The wand hits the elf-lord!
 The elf-lord resists!
 The wand misses the xan.
 The wraith zaps a wand of digging!
 The wraith has made a hole in the floor.
 The wraith dives through...
 The xan scratches your left boot!
 The water elemental hits!
 The elf-lord thrusts his elven short sword.
 The elf-lord hits!
 You die...
 Do you want your possessions identified? [ynq] (y)
 Do you want to see your attributes? [ynq] (y)
 Do you want an account of creatures vanquished? [ynaq] (y)
 Do you want to see your conduct and achievements? [ynq] (y)
 Do you want to see the dungeon overview? [ynq] (y)

Inventory:
 Coins    ('$')
  $ - 1291 gold pieces
 Amulets  ('"')
  z - an uncursed amulet versus poison
 Weapons  (')')
  m - a +0 aklys (alternate weapon; not wielded)
  j - the rustproof +1 Cleaver (weapon in hands)
 Armor    ('[')
  T - an uncursed rustproof +0 dwarvish iron helm (being worn)
  J - an uncursed +0 pair of leather gloves (being worn)
  n - an uncursed +0 pair of kicking boots (being worn)
  A - an uncursed +0 elven cloak (being worn)
  l - a blessed +0 dwarvish mithril-coat (being worn)
 Comestibles  ('%')
  x - an uncursed C-ration
  d - 6 uncursed food rations
 Scrolls  ('?')
  a - 2 uncursed scrolls of blank paper
  v - 2 uncursed scrolls of confuse monster
  G - an uncursed scroll of remove curse
  D - a blessed scroll of teleportation
 Potions  ('!')
  f - 2 uncursed potions of extra healing
  B - an uncursed potion of full healing
  N - an uncursed potion of speed
  k - 3 uncursed potions of water
 Rings    ('=')
  o - an uncursed -1 ring of increase damage
  w - an uncursed ring of levitation
 Wands    ('/')
  e - a wand of teleportation (0:1)
 Tools    ('(')
  y - an uncursed blindfold
  F - an uncursed mirror
  q - a +0 pick-axe

Gregony the Barbarian's attributes:

Background:
 You were a Brigand, a level 10 male human Barbarian.
 You were neutral, on a mission for Crom
 who was opposed by Mitra (lawful) and Set (chaotic).
 You were right-handed.
 You were in the Dungeons of Doom, on level 11, a very big room.
 You entered the dungeon 18620 turns ago.
 It was nighttime.
 You had 9138 experience points, 862 more were needed to attain level 11.

Basics:
 You had 0 out of 97 hit points.
 You had all 24 energy points (spell power).
 Your armor class was -1.
 Your wallet contained 1291 zorkmids.
 Autopickup was off.

Final Characteristics:
 Your strength was 18/10 (limit:18/100).
 Your dexterity was 17 (peak:18, limit:18).
 Your constitution was 18 (limit:18).
 Your intelligence was 7 (limit:18).
 Your wisdom was 10 (limit:18).
 Your charisma was 7 (limit:18).

Final Status:
 You weren't hungry.
 You were unencumbered.
 You were wielding an axe.
 You were skilled in axe and could have enhanced that.

Final Attributes:
 You were piously aligned.
 You were fire resistant.
 You were sleep resistant.
 You were poison resistant.
 You were telepathic.
 You were stealthy.
 You could teleport.
 You were guarded.
 You are dead.

Miscellaneous:
 You encountered 1 bones level.
 Total elapsed playing time was 4 hours, 6 minutes and 16 seconds.

Major events:
 Turn
    1: Gregony the neutral male human Barbarian entered the dungeon
  754: entered the Gnomish Mines
  765: attained the rank of Pillager (level 3)
 2208: attained the rank of Bandit (level 6)
 2682: reached Mine Town
10627: was bestowed with Cleaver by Crom
11349: attained the rank of Brigand (level 10)
16496: entered the Bigroom
18620: killed by an elf-lord

You didn't know any spells.

Skills:
 Fighting Skills
   bare handed combat [Basic]
   two weapon combat  [Unskilled]
   riding             [Unskilled]
 Weapon Skills
   dagger             [Unskilled]
   axe                [Skilled]
   pick-axe           [Unskilled]
   short sword        [Basic]
   broadsword         [Unskilled]
   long sword         [Unskilled]
   two-handed sword   [Unskilled]
   saber              [Unskilled]
   club               [Basic]
   mace               [Unskilled]
   morning star       [Unskilled]
   flail              [Unskilled]
   hammer             [Unskilled]
   quarterstaff       [Unskilled]
   spear              [Unskilled]
   trident            [Unskilled]
   bow                [Unskilled]
 Spellcasting Skills
   attack spells      [Unskilled]
   escape spells      [Unskilled]

Voluntary challenges:
 Character rerolling was not enabled.
 You never genocided any monsters.
 You never changed form.
 You used no wishes.
Achievements:
 You entered the Gnomish Mines.
 You attained the rank of Pillager.
 You attained the rank of Bandit.
 You entered Minetown.
 You entered a temple.
 You entered a shop.
 You attained the rank of Brigand.
 You entered the Big Room.

 The Dungeons of Doom: levels 1 to 11
    Level 1:
    Level 2:
       An altar to Crom, some fountains.
       Stairs down to The Gnomish Mines.
    Level 3:
    Level 4:
       A weapon shop.
    Level 5:
       Many fountains.
       Oracle of Delphi.
    Level 6:
    Level 7:
       A general store.
    Level 8:
    Level 9:
       A temple and an altar to Crom.
    Level 10:
       Some graves.
       Final resting place for
          flandre-Ran-Hum-Fem-Neu, killed by a forest centaur.
    Level 11: <- You were here.
       A very big room.
       Final resting place for
          you, killed by an elf-lord.
 The Gnomish Mines: levels 3 to 11
    Level 3:
    Level 4:
    Level 5:
    Level 6:
       Many shops, a temple and an altar, some fountains.
    Level 7:
    Level 8:
    Level 9:
    Level 10:
    Level 11:


Vanquished creatures:
  a ghost
  a long worm
 an elven monarch
  2 large mimics
  2 wargs
  a winter wolf
  a small mimic
 an ogre leader
  a sasquatch
  2 gelatinous cubes
  3 pyrolisks
  a large dog
  2 freezing spheres
  a flaming sphere
  a shocking sphere
  a large cat
  a tiger
  3 tengu
  2 elf mummies
  a human mummy
  a red naga
  2 ettin zombies
  4 Grey-elves
  6 soldiers
  3 chameleons
  a quivering blob
  2 cockatrices
  4 wolves
  2 lynxes
  a panther
  3 leprechauns
 an orc-captain
  2 iron piercers
  a mumak
  a scorpion
  a horse
  5 black lights
  a vampire bat
  a forest centaur
  3 gnome rulers
 an ogre
  2 brown puddings
  a rust monster
  2 owlbears
  2 yetis
  a werewolf
  a Green-elf
  6 lizards
  4 chickatrices
  2 jaguars
  2 dwarf leaders
  a blue jelly
  a dust vortex
  a gnome mummy
  a snake
 an ape
  2 human zombies
  3 rope golems
  2 Woodland-elves
  4 soldier ants
  a fire ant
  9 bugbears
  2 quasits
  2 water nymphs
  4 mountain nymphs
 18 Mordor orcs
  4 orc shamans
  3 rock piercers
  3 ponies
  6 fog clouds
  2 yellow lights
  a shrieker
  3 violet fungi
 18 gnome leaders
  9 gnomish wizards
  a kobold mummy
  a black naga hatchling
  a gray ooze
  a barrow wight
 12 elf zombies
  2 ghouls
  2 straw golems
  a paper golem
 12 giant ants
  a little dog
  3 floating eyes
 25 dwarves
  2 kobold leaders
  a kobold shaman
  7 hill orcs
  9 rothes
  a rabid rat
  2 centipedes
  2 giant bats
  4 orc zombies
 12 dwarf zombies
  a wererat
  a werejackal
 an iguana
 17 killer bees
 an acid blob
 10 coyotes
 10 hobbits
  2 large kobolds
 10 hobgoblins
  3 giant rats
  8 cave spiders
  2 yellow molds
  2 red molds
 75 gnomes
  4 gnome zombies
  6 geckos
 12 jackals
  2 foxes
  4 kobolds
  7 goblins
  4 sewer rats
 10 grid bugs
  3 bats
  7 lichens
  4 kobold zombies
 13 newts
520 creatures vanquished.

No species were genocided or became extinct.

Game over:
                       ----------
                      /          \
                     /    REST    \
                    /      IN      \
                   /     PEACE      \
                  /                  \
                  |     Gregony      |
                  |     1291 Au      |
                  |   killed by an   |
                  |     elf-lord     |
                  |                  |
                  |                  |
                  |       2026       |
                 *|     *  *  *      | *
        _________)/\\_//(\/(/\)/\//\/|_)_______

Goodbye Gregony the Barbarian...

You died in The Dungeons of Doom on dungeon level 11 with 38384 points,
and 1291 pieces of gold, after 18620 moves.
You were level 10 with a maximum of 97 hit points when you died.

